Unix NetHack Version 3.7.0-65 Work-in-progress - last build Sep 26 2022 05:48:34 (a9070be95fe145525c880ceec589f5104d392f49,branch:master).

Game began 2022-09-30 01:00:59, ended 2022-09-30 05:28:00.

Gandelf, neutral male human Monk

  
stone
stone
stone
stone
stone
stone
stone
stone
stone
stone
stone
stone
stone
stone
stone
stone
stone
stone
stone
stone
stone
stone
stone
stone
stone
stone
stone
stone
stone
stone
stone
stone
stone
stone
stone
stone
stone
stone
stone
stone
stone
stone
stone
stone
stone
stone
stone
stone
stone
stone
stone
stone
stone
stone
stone
stone
stone
stone
stone
stone
stone
stone
stone
stone
stone
stone
stone
stone
stone
stone
stone
stone
stone
stone
stone
stone
stone
stone
stone
stone
stone
stone
stone
stone
stone
stone
stone
stone
stone
stone
stone
stone
stone
stone
stone
stone
stone
stone
stone
stone
stone
stone
stone
stone
stone
stone
stone
stone
stone
stone
stone
stone
stone
stone
stone
stone
stone
stone
stone
stone
stone
stone
stone
stone
stone
stone
stone
stone
stone
stone
stone
stone
stone
stone
stone
stone
stone
stone
stone
stone
stone
stone
stone
stone
stone
stone
stone
stone
stone
stone
stone
stone
stone
stone
stone
stone
stone
stone
stone
stone
stone
stone
stone
stone
stone
stone
stone
stone
stone
stone
stone
stone
stone
stone
stone
stone
stone
stone
stone
stone
stone
stone
stone
stone
stone
stone
stone
stone
stone
stone
stone
stone
stone
stone
stone
stone
stone
stone
stone
stone
stone
stone
stone
stone
stone
stone
stone
stone
stone
stone
stone
stone
stone
stone
stone
stone
stone
stone
stone
stone
stone
stone
stone
stone
stone
stone
stone
stone
stone
stone
stone
stone
stone
stone
stone
stone
stone
stone
stone
stone
stone
stone
stone
stone
stone
stone
stone
stone
stone
stone
stone
stone
stone
stone
stone
stone
stone
stone
stone
stone
stone
stone
stone
stone
stone
stone
stone
stone
stone
stone
stone
stone
stone
stone
stone
stone
stone
stone
stone
stone
stone
stone
stone
stone
stone
stone
stone
stone
stone
stone
stone
stone
stone
stone
stone
stone
stone
stone
stone
stone
stone
stone
stone
stone
stone
stone
stone
stone
stone
stone
stone
stone
stone
stone
stone
stone
stone
stone
stone
stone
stone
stone
stone
stone
stone
stone
stone
stone
stone
stone
stone
stone
stone
stone
stone
stone
stone
stone
stone
stone
stone
stone
stone
stone
stone
stone
stone
stone
stone
stone
stone
stone
stone
stone
stone
stone
stone
stone
stone
stone
stone
stone
stone
stone
stone
stone
stone
stone
stone
stone
stone
stone
stone
stone
stone
stone
stone
stone
stone
stone
stone
stone
stone
stone
stone
stone
stone
stone
stone
stone
stone
stone
stone
stone
stone
stone
stone
stone
stone
stone
stone
stone
stone
stone
stone
stone
stone
stone
stone
stone
stone
stone
stone
stone
stone
stone
stone
stone
stone
stone
stone
stone
stone
stone
stone
wall
wall
wall
wall
wall
wall
wall
stone
stone
stone
stone
stone
stone
stone
stone
stone
stone
stone
stone
stone
stone
stone
stone
stone
stone
stone
stone
stone
stone
stone
stone
stone
stone
stone
stone
stone
stone
stone
stone
stone
stone
stone
stone
stone
stone
stone
stone
stone
stone
stone
stone
stone
stone
stone
stone
stone
stone
stone
stone
stone
stone
stone
stone
stone
stone
stone
stone
stone
stone
stone
stone
stone
stone
stone
stone
wall
wall
wall
wall
wall
.dark part of a room
.dark part of a room
wall
.floor of a room
@human monk called Gandelf
wall
stone
stone
stone
stone
stone
stone
stone
stone
stone
stone
stone
stone
stone
stone
stone
stone
stone
stone
stone
stone
stone
stone
stone
stone
stone
stone
stone
stone
stone
stone
stone
stone
stone
stone
stone
stone
stone
stone
stone
stone
stone
stone
stone
stone
stone
stone
stone
stone
stone
stone
stone
stone
stone
stone
stone
stone
stone
stone
stone
stone
stone
stone
stone
stone
stone
stone
stone
stone
wall
.dark part of a room
.dark part of a room
.dark part of a room
.dark part of a room
.floor of a room
.floor of a room
.floor of a room
qbaluchitherium
0a boulder
wall
wall
wall
wall
wall
wall
wall
wall
wall
wall
wall
wall
wall
wall
wall
wall
stone
stone
stone
stone
stone
stone
stone
stone
stone
stone
stone
stone
stone
stone
stone
stone
stone
stone
stone
stone
stone
stone
stone
stone
stone
stone
stone
stone
stone
stone
stone
stone
stone
stone
stone
stone
stone
stone
stone
stone
stone
stone
stone
stone
stone
stone
stone
stone
stone
stone
stone
stone
stone
wall
.dark part of a room
.dark part of a room
.dark part of a room
wall
0a boulder
.floor of a room
.floor of a room
wall
.dark part of a room
.dark part of a room
.dark part of a room
.dark part of a room
.dark part of a room
.dark part of a room
.dark part of a room
^hole
^hole
^hole
^hole
^hole
^hole
^hole
^hole
.dark part of a room
wall
stone
stone
stone
stone
stone
stone
stone
stone
stone
stone
stone
stone
stone
stone
stone
stone
stone
stone
stone
stone
stone
stone
stone
stone
stone
stone
stone
stone
stone
stone
stone
stone
stone
stone
stone
stone
stone
stone
stone
stone
stone
stone
stone
stone
stone
stone
stone
stone
stone
stone
stone
stone
stone
wall
.dark part of a room
wall
wall
wall
.floor of a room
wall
.dark part of a room
.dark part of a room
.dark part of a room
.dark part of a room
.dark part of a room
wall
wall
wall
wall
wall
wall
wall
wall
wall
wall
wall
wall
+closed door
wall
stone
stone
stone
stone
stone
stone
stone
stone
stone
stone
stone
stone
stone
stone
stone
stone
stone
stone
stone
stone
stone
stone
stone
stone
stone
stone
stone
stone
stone
stone
stone
stone
stone
stone
stone
stone
stone
stone
stone
stone
stone
stone
stone
stone
stone
stone
stone
stone
stone
stone
stone
stone
stone
wall
.dark part of a room
.dark part of a room
0a boulder
.dark part of a room
.dark part of a room
.dark part of a room
.dark part of a room
.dark part of a room
wall
.dark part of a room
wall
wall
stone
stone
wall
1unknown creature causing you concern
.dark part of a room
.dark part of a room
.dark part of a room
.dark part of a room
.dark part of a room
.dark part of a room
.dark part of a room
.dark part of a room
wall
stone
stone
stone
stone
stone
stone
stone
stone
stone
stone
stone
stone
stone
stone
stone
stone
stone
stone
stone
stone
stone
stone
stone
stone
stone
stone
stone
stone
stone
stone
stone
stone
stone
stone
stone
stone
stone
stone
stone
stone
stone
stone
stone
stone
stone
stone
stone
stone
stone
stone
stone
stone
stone
wall
.dark part of a room
wall
wall
wall
wall
0a boulder
.dark part of a room
wall
wall
.dark part of a room
wall
stone
stone
stone
wall
1unknown creature causing you concern
.dark part of a room
.dark part of a room
.dark part of a room
.dark part of a room
.dark part of a room
.dark part of a room
.dark part of a room
.dark part of a room
wall
stone
stone
stone
stone
stone
stone
stone
stone
stone
stone
stone
stone
stone
stone
stone
stone
stone
stone
stone
stone
stone
stone
stone
stone
stone
stone
stone
stone
stone
stone
stone
stone
stone
stone
stone
stone
stone
stone
stone
stone
stone
stone
stone
stone
stone
stone
stone
stone
stone
stone
stone
stone
stone
wall
.dark part of a room
.dark part of a room
0a boulder
.dark part of a room
0a boulder
.dark part of a room
.dark part of a room
wall
.dark part of a room
.dark part of a room
wall
stone
stone
stone
wall
.dark part of a room
.dark part of a room
.dark part of a room
.dark part of a room
.dark part of a room
.dark part of a room
.dark part of a room
.dark part of a room
.dark part of a room
wall
stone
stone
stone
stone
stone
stone
stone
stone
stone
stone
stone
stone
stone
stone
stone
stone
stone
stone
stone
stone
stone
stone
stone
stone
stone
stone
stone
stone
stone
stone
stone
stone
stone
stone
stone
stone
stone
stone
stone
stone
stone
stone
stone
stone
stone
stone
stone
stone
stone
stone
stone
stone
stone
wall
.dark part of a room
.dark part of a room
.dark part of a room
.dark part of a room
0a boulder
.dark part of a room
(a chest
.dark part of a room
.dark part of a room
wall
wall
stone
stone
stone
wall
1unknown creature causing you concern
.dark part of a room
.dark part of a room
.dark part of a room
.dark part of a room
.dark part of a room
.dark part of a room
.dark part of a room
.dark part of a room
wall
stone
stone
stone
stone
stone
stone
stone
stone
stone
stone
stone
stone
stone
stone
stone
stone
stone
stone
stone
stone
stone
stone
stone
stone
stone
stone
stone
stone
stone
stone
stone
stone
stone
stone
stone
stone
stone
stone
stone
stone
stone
stone
stone
stone
stone
stone
stone
stone
stone
stone
stone
stone
stone
wall
.dark part of a room
0a boulder
wall
.dark part of a room
[a faded pall
.dark part of a room
wall
.dark part of a room
0a boulder
0a boulder
wall
stone
stone
stone
wall
.dark part of a room
.dark part of a room
.dark part of a room
.dark part of a room
<staircase up
.dark part of a room
.dark part of a room
.dark part of a room
.dark part of a room
wall
stone
stone
stone
stone
stone
stone
stone
stone
stone
stone
stone
stone
stone
stone
stone
stone
stone
stone
stone
stone
stone
stone
stone
stone
stone
stone
stone
stone
stone
stone
stone
stone
stone
stone
stone
stone
stone
stone
stone
stone
stone
stone
stone
stone
stone
stone
stone
stone
stone
stone
stone
stone
stone
wall
.dark part of a room
.dark part of a room
wall
wall
wall
wall
wall
0a boulder
wall
.dark part of a room
wall
stone
stone
stone
wall
.dark part of a room
.dark part of a room
.dark part of a room
.dark part of a room
.dark part of a room
.dark part of a room
.dark part of a room
.dark part of a room
.dark part of a room
wall
stone
stone
stone
stone
stone
stone
stone
stone
stone
stone
stone
stone
stone
stone
stone
stone
stone
stone
stone
stone
stone
stone
stone
stone
stone
stone
stone
stone
stone
stone
stone
stone
stone
stone
stone
stone
stone
stone
stone
stone
stone
stone
stone
stone
stone
stone
stone
stone
stone
stone
stone
stone
stone
wall
.dark part of a room
0a boulder
.dark part of a room
.dark part of a room
.dark part of a room
.dark part of a room
.dark part of a room
.dark part of a room
.dark part of a room
.dark part of a room
wall
stone
stone
stone
wall
.dark part of a room
.dark part of a room
.dark part of a room
.dark part of a room
.dark part of a room
.dark part of a room
.dark part of a room
.dark part of a room
.dark part of a room
wall
stone
stone
stone
stone
stone
stone
stone
stone
stone
stone
stone
stone
stone
stone
stone
stone
stone
stone
stone
stone
stone
stone
stone
stone
stone
stone
stone
stone
stone
stone
stone
stone
stone
stone
stone
stone
stone
stone
stone
stone
stone
stone
stone
stone
stone
stone
stone
stone
stone
stone
stone
stone
stone
wall
wall
.dark part of a room
>staircase down
wall
wall
wall
wall
wall
wall
wall
wall
stone
stone
stone
wall
.dark part of a room
.dark part of a room
.dark part of a room
.dark part of a room
.dark part of a room
.dark part of a room
.dark part of a room
.dark part of a room
.dark part of a room
wall
stone
stone
stone
stone
stone
stone
stone
stone
stone
stone
stone
stone
stone
stone
stone
stone
stone
stone
stone
stone
stone
stone
stone
stone
stone
stone
stone
stone
stone
stone
stone
stone
stone
stone
stone
stone
stone
stone
stone
stone
stone
stone
stone
stone
stone
stone
stone
stone
stone
stone
stone
stone
stone
stone
wall
wall
wall
wall
stone
stone
stone
stone
stone
stone
stone
stone
stone
stone
wall
wall
wall
wall
wall
wall
wall
wall
wall
wall
wall
stone
stone
stone
stone
stone
stone
stone
stone
stone
stone
stone
stone
stone
stone
stone
stone
stone
stone
stone
stone
stone
stone
stone
stone
stone
stone
stone
stone
stone
stone
stone
stone
stone
stone
stone
stone
stone
stone
stone
stone
stone
stone
stone
stone
stone
stone
stone
stone
stone
stone
stone
stone
stone
stone
stone
stone
stone
stone
stone
stone
stone
stone
stone
stone
stone
stone
stone
stone
stone
stone
stone
stone
stone
stone
stone
stone
stone
stone
stone
stone
stone
stone
stone
stone
stone
stone
stone
stone
stone
stone
stone
stone
stone
stone
stone
stone
stone
stone
stone
stone
stone
stone
stone
stone
stone
stone
stone
stone
stone
stone
stone
stone
stone
stone
stone
stone
stone
stone
stone
stone
stone
stone
stone
stone
stone
stone
stone
stone
stone
stone
stone
stone
stone
stone
stone
stone
stone
stone
stone
stone
stone
stone
stone
stone
stone
stone
stone
stone
stone
stone
stone
stone
stone
stone
stone
stone
stone
stone
stone
stone
stone
stone
stone
stone
stone
stone
stone
stone
stone
stone
stone
stone
stone
stone
stone
stone
stone
stone
stone
stone
stone
stone
stone
stone
stone
[Gandelf the Initiate ] St:14 Dx:17 Co:14 In:8 Wi:14 Ch:14 Neutral S:7586 Dlvl:6 $:712 HP:0(58) Pw:52(52) AC:1 Xp:8/1616 T:6117 Burdened

Latest messages:

With great effort you move the boulder.
With great effort you move the boulder.
The boulder falls into and plugs a hole in the floor!
In what direction? l
The tin falls through the hole.
With great effort you move the boulder.
There are several objects here.
With great effort you move the boulder.
With great effort you move the boulder.
With great effort you move the boulder.
With great effort you move the boulder.
With great effort you move the boulder.
The boulder falls into and plugs a hole in the floor!
With great effort you move the boulder.
What do you want to zap? [vzBSTWXZ or ?*] >
You don't have that object.
What do you want to zap? [vzBSTWXZ or ?*] ?
In what direction? l
The large mimic turns into a baluchitherium!
What do you want to zap? [vzBSTWXZ or ?*] ?
In what direction? l
There are several objects here.
With great effort you move the boulder.
With great effort you move the boulder.
You hit the baluchitherium!
You hit the baluchitherium!
The baluchitherium hits!
The baluchitherium hits!
You hit the baluchitherium!
The baluchitherium hits!
The baluchitherium hits!
Are you sure you want to pray? [yn] (n) y
You begin praying to Chih Sung-tzu.
You are surrounded by a shimmering light.
The baluchitherium starts to attack you, but pulls back.
The baluchitherium starts to attack you, but pulls back.
You finish your prayer.
You feel that Chih Sung-tzu is well-pleased.
You feel much better.
You hit the baluchitherium!
The baluchitherium hits!
The baluchitherium hits!
You hit the baluchitherium!
The baluchitherium hits!
The baluchitherium hits!
You hit the baluchitherium!
You hit the baluchitherium!
The baluchitherium hits!
You die...
Do you want your possessions identified? [ynq] (y) q

Inventory:

Coins

$ - 712 gold pieces

Weapons

R - 13 +0 arrows
l - 6 cursed +0 crossbow bolts
F - 10 +0 darts
e - a +0 dagger
U - 6 +0 daggers

Armor

a - an uncursed rotted +2 pair of leather gloves (being worn)
P - a blessed +2 pair of iron shoes (being worn)
r - a cursed -1 mummy wrapping
b - an uncursed +1 robe (being worn)

Comestibles

g - 5 uncursed apples
N - 2 uncursed carrots
f - 3 uncursed food rations
J - an uncursed partly eaten food ration
K - an uncursed food ration
i - 3 uncursed fortune cookies
h - 4 uncursed oranges
u - 4 uncursed tripe rations

Scrolls

O - a blessed scroll of earth
M - an uncursed scroll of earth
t - an uncursed scroll of enchant armor
D - an uncursed scroll of enchant weapon
p - an uncursed scroll of fire
V - a cursed scroll of fire
m - an uncursed scroll of food detection
n - a blessed scroll of gold detection
s - an uncursed scroll of gold detection
d - an uncursed scroll of light
w - an uncursed scroll of teleportation

Spellbooks

c - a blessed spellbook of confuse monster
I - an uncursed spellbook of confuse monster

Potions

A - a cursed potion of gain energy
E - 8 potions of holy water

Rings

H - an uncursed ring of free action (on right hand)
o - an uncursed ring of see invisible
L - an uncursed ring of teleport control
Q - an uncursed ring of teleport control

Wands

X - a wand of cancellation (0:4)
v - a wand of lightning (0:3)
Z - a wand of locking (0:5)
S - a wand of make invisible (0:6)
z - a wand of make invisible (0:5)
W - a wand of nothing (0:4)
B - a wand of polymorph (0:3)
T - a wand of teleportation (0:5)

Tools

Y - a can of grease (0:13)
G - an uncursed lock pick
j - a magic marker (0:98)
C - an uncursed oil lamp
k - an uncursed skeleton key
y - an uncursed tin opener

Gandelf the Monk's attributes:


Background:

You were an Initiate, a level 8 male human Monk.
You were neutral, on a mission for Chih Sung-tzu
who was opposed by Shan Lai Ching (lawful) and Huan Ti (chaotic).
You were in Sokoban, on level 6.
You entered the dungeon 6117 turns ago.
It was nighttime.
You had 1616 experience points, 944 more were needed to attain level 9.
Your score was 7586 before end-of-game adjustments.

Basics:

You had 0 out of 58 hit points.
You had all 52 energy points (spell power).
Your armor class was 1.
Your wallet contained 712 zorkmids.
Autopickup was off.

Final Characteristics:

Your strength was 14 (limit:18/100).
Your dexterity was 17 (limit:18).
Your constitution was 14 (limit:18).
Your intelligence was 8 (limit:18).
Your wisdom was 14 (limit:18).
Your charisma was 14 (limit:18).

Final Status:

You were not hungry.
You were burdened; movement was slightly slowed.
You were empty handed.
You were skilled in martial arts and could have enhanced that.

Final Attributes:

You were piously aligned.
You were sleep resistant.
You were poison resistant.
You saw invisible.
You were warned.
You were stealthy.
You were guarded.
You were fast.
You had free action.
You are dead.

Miscellaneous:
You never encountered a bones level.
Total elapsed playing time was 1 hour, 14 minutes and 8 seconds.

Major events:

Turn

1: Gandelf the neutral male human Monk entered the dungeon
923: attained the rank of Novice (level 3)
975: entered the Gnomish Mines
2089: attained the rank of Initiate (level 6)
5282: entered Sokoban
5697: completed 1st Sokoban level
6117: killed by a baluchitherium

Vanquished creatures:

4 wargs
a giant beetle
a cockatrice
2 winter wolf cubs
2 leprechauns
2 iron piercers
a giant spider
a baby long worm
an orc mummy
a brown pudding
a Green-elf
a lizard
a dingo
2 dust vortices
a human zombie
2 Woodland-elves
a Mordor orc
an orc shaman
a rock mole
6 gnome leaders
a gray ooze
a giant ant
5 floating eyes
7 dwarves
a homunculus
a kobold shaman
10 hill orcs
4 rothes
a centipede
an orc zombie
a dwarf zombie
a werejackal
an iguana
2 acid blobs
2 gas spores
3 hobbits
a manes
a large kobold
a hobgoblin
7 cave spiders
a brown mold
2 yellow molds
a red mold
18 gnomes
a gnome zombie
8 jackals
a goblin
3 grid bugs
3 lichens
6 newts
129 creatures vanquished.
No species were genocided or became extinct.

Voluntary challenges:

You followed a strict vegan diet.
You never hit with a wielded weapon.
You read items or engraved 3 times.
You never engraved Elbereth.
You never genocided any monsters.
You never polymorphed an object.
You never changed form.
You used no wishes.
You did not violate any of the special Sokoban rules.

Achievements:

You attained the rank of Novice.
You entered the Gnomish Mines.
You attained the rank of Initiate.
You entered a shop.
You entered Sokoban.

The Dungeons of Doom: levels 1 to 9

   Level 1:
Some fountains.
Level 2:
Level 3:
Level 4:
A fountain.
Stairs down to The Gnomish Mines.
Level 5:
An armor shop, some fountains, a sink.
Level 6:
Level 7:
Many fountains.
Level 8:
A wand shop, an altar to Chih Sung-tzu, a fountain.
Stairs up to Sokoban, level 7.
Level 9:

The Gnomish Mines: levels 5 to 7

   Level 5:
Level 6:
Level 7:
A fountain.

Sokoban: levels 7 up to 6

   Level 6: <- You were here.
Unsolved.
Final resting place for
you, killed by a baluchitherium.
Level 7:
Solved.

Game over:

----------
/ \
/ REST \
/ IN \
/ PEACE \
/ \
| Gandelf |
| 712 Au |
| killed by a |
| baluchitherium |
| |
| |
| 2022 |
*| * * * | *
_________)/\\_//(\/(/\)/\//\/|_)_______

Goodbye Gandelf the Monk...


You died in Sokoban on dungeon level 6 with 7515 points,
and 712 pieces of gold, after 6117 moves.
You were level 8 with a maximum of 58 hit points when you died.